 Dungeon Crawl Stone Soup version 0.32-a0-640-gc5db3fc80f (webtiles) character file.

Game seed: 976138806787220469

40 Ge0ff the Cudgeller (level 3, -2/30 HPs)
             Began as a Mountain Dwarf Warper on Mar 7, 2024.
             Was a Follower of Wu Jian.
             Killed from afar by Natasha (7 damage)
             ... with a magic dart
             ... on level 2 of the Dungeon.
             The game lasted 00:03:26 (1728 turns).

Ge0ff the Cudgeller (Mountain Dwarf Warper)         Turns: 1728, Time: 00:03:26

Health: -2/30      AC:  7    Str: 15    XL:     3   Next: 30%
Magic:  5/5        EV: 10    Int: 13    God:    Wu Jian [*.....]
Gold:   126        SH:  0    Dex:  9    Spells: 3/5 levels left

rFire   . . .        a - +1 mace
rCold   . . .        (no shield)
rNeg    . . .        L - +0 ring mail
rPois   .            V - +0 helmet
rElec   .            (no cloak)
rCorr   .            U - +0 pair of gloves
SInv    .            (no boots)
Will    .....        (no amulet)
Stlth   +            (no ring)
HPRegen 0.25/turn    (no ring)
MPRegen 0.09/turn

%: no passive effects
@: no status effects
A: runic magic, artefact enchanting
a: Renounce Religion


You were on level 2 of the Dungeon.
You worshipped Wu Jian.
Wu Jian was aware of your devotion.
You visited 1 branch of the dungeon, and saw 2 of its levels.

You collected 126 gold pieces.

Inventory:

Hand Weapons
 a - a +1 mace (weapon)
 E - a +0 sling
Missiles
 d - 6 darts of dispersal
 D - 26 stones (quivered)
 K - 10 poisoned darts
Armour
 b - a +0 leather armour
 L - a +0 ring mail (worn)
 U - a +0 pair of gloves (worn)
 V - a +0 helmet (worn)
 X - a +0 cloak
Scrolls
 B - a scroll of blinking
 H - a scroll of enchant weapon
 T - a scroll of teleportation
 W - a scroll of poison {unknown}
Potions
 C - 2 potions of curing {unknown}
 F - 2 potions of haste {unknown}
 G - a potion of cancellation {unknown}
 J - a potion of enlightenment {unknown}


   Skills:
 + Level 2.3 Fighting
 + Level 3.1 Maces & Flails
 - Level 0.7 Throwing
 - Level 1.1 Armour
 - Level 1.3 Dodging
 - Level 2.0 Stealth
 - Level 1.7 Spellcasting
 - Level 2.4 Translocations


You had 3 spell levels left.
You knew the following spells:

 Your Spells              Type           Power      Damage    Failure   Level
B - Blink                 Tloc           14%        N/A       17%         2

Your spell library contained the following spells:

 Spells                   Type           Power      Damage    Failure   Level
 Lesser Beckoning         Tloc           14%        N/A       17%         2
 Teleport Other           Tloc           7%         N/A       34%         3
 Call Canine Familiar     Summ           1%         N/A       67%         3
 Sigil of Binding         Hex            1%         N/A       67%         3
 Manifold Assault         Tloc           7%         N/A       75%         4
 Dimensional Bullseye     Hex/Tloc       2%         N/A       88%         4
 Vhi's Electric Charge    Tloc/Air       8%         N/A       88%         4


Dungeon Overview and Level Annotations

Branches:
Dungeon (2/15) Zot: 10245

Altars:
Wu Jian

Annotations:
D:2 Natasha


Innate Abilities, Weirdness & Mutations

Your spellcasting is much less encumbered by armour.
You can use scrolls of enchantment on lesser artefacts.


Message History

Natasha is moderately wounded.
Natasha misses you.
You hit Natasha.
Natasha is severely wounded.
Natasha completely misses you.
Natasha casts a spell.
You miss Natasha.
Natasha is severely wounded.
Natasha misses you.
You hit Natasha.
Natasha is severely wounded.
The cerulean imp hits you but does no damage.
Natasha stares at you and mumbles some strange words.
The magic dart hits you.
You miss Natasha.
Natasha is severely wounded.
The cerulean imp barely misses you. Natasha claws you.
The cerulean imp hits you from afar with a +0 spear.
You hit Natasha but do no damage.
Natasha is severely wounded.
Natasha barely misses you. The cerulean imp barely misses you.
You barely miss Natasha.
Natasha is severely wounded.
Natasha casts a spell.
The cerulean imp hits you but does no damage.
Natasha casts a spell at you. The magic dart hits you!
You hit Natasha but do no damage.
Natasha is severely wounded.
The cerulean imp barely misses you. Natasha claws you but does no damage.
You hit Natasha but do no damage.
Natasha is severely wounded.
The cerulean imp hits you but does no damage. x2
Natasha mumbles some strange words.
You feel troubled.
Natasha mumbles some strange words.
You closely miss Natasha.
Natasha is severely wounded.
The cerulean imp hits you from afar with a +0 spear.
The cerulean imp hits you but does no damage.
Natasha claws you!
* * * LOW HITPOINT WARNING * * *
The cerulean imp hits you but does no damage.
The cerulean imp barely misses you.
You barely miss Natasha.
Natasha is severely wounded.
Natasha stares at you and mumbles some strange words.
The magic dart hits you!
You die...
Natasha begins licking her fur clean.

###### #..[# #..... #....#
##...#####... #....#
##....+.......
#....###.....#####.##
#######....##..##### #...
..........5##.##########..#
.........5K5...............
........##h#############..#
........##@# #..#
...K....##.# #..#
........##.# ########..#
........##.# ..........#
........##.# ########..#
........##.# #..# ... ##.#
#.# ###########.# #.#
#............


You could see Natasha, 3 cerulean imps and a kobold.

Vanquished Creatures
  An adder (D:2)
  A dart slug (D:1)
  A ribbon worm (D:2)
  3 bats
  4 endoplasms
  2 goblins (D:1)
  5 hobgoblins
  A kobold (D:2)
  A quokka (D:2)
  2 ball pythons (D:1)
  A frilled lizard (D:2)
  3 rats
25 creatures vanquished.

Notes
Turn   | Place    | Note
-------+----------+-------------------------------------------
     0 | D:1      | Ge0ff the Mountain Dwarf Warper began the quest for the
                  | Orb.
     0 | D:1      | Reached XP level 1. HP: 17/17 MP: 3/3
   228 | D:1      | Reached XP level 2. HP: 24/24 MP: 4/4
   233 | D:1      | Learned a level 2 spell: Blink
   291 | D:1      | Reached skill level 3 in Maces & Flails
   299 | D:1      | Reached skill level 1 in Stealth
  1414 | D:2      | Found a faded altar of an unknown god.
  1431 | D:2      | Reached XP level 3. HP: 25/29 MP: 5/5
  1492 | D:2      | Prayed at the altar of an unknown god.
  1492 | D:2      | Became a worshipper of the Wu Jian Council
  1492 | D:2      | Reached * piety under Wu Jian
  1710 | D:2      | Noticed Natasha
  1728 | D:2      | Killed from afar by Natasha

Illustrated notes

Levels and vault maps discovered:
D:1:      amcnicky_arrival_single_pillar, layout_basic
D:2:      layout_basic, dreamdust_ecumenical_altar_grove, uniq_natasha

Skill      XL: |  1  2 |
---------------+-------+-----
Maces & Flails | 3 |  3.1
Stealth        | 2 |  2.0
Fighting       | |  2.3
Throwing       | |  0.7
Armour         | |  1.1
Dodging        | |  1.3
Spellcasting   | |  1.7
Translocations | |  2.4

Action                     || total
---------------------------++-------
  Melee: Mace              ||   101
  Throw: Dart              ||     1
Ability: Lunge             ||     1
    Use: Scroll            ||     3
   Stab: Sleeping          ||     2
 Armour: Leather armour    ||    54
         Ring mail         ||    17
  Dodge: Dodged            ||    52

Table legend: (Time is in decaauts)
 A = Elapsed time spent in this place.
 B = Non-inter-level travel time spent in this place.
 C = Inter-level travel time spent in this place.
 D = Time resting spent in this place.
 E = Time spent auto-exploring this place.
 F = Levels seen in this place.
 G = Mean time per level.
                   A        B        C        D        E       F      G
               +--------+--------+--------+--------+--------+-----+--------+
         Total |   1753 |   1631 |    122 |     18 |   1223 |   2 |  876.5 |
       Dungeon |   1753 |   1631 |    122 |     18 |   1223 |   2 |  876.5 |
               +--------+--------+--------+--------+--------+-----+--------+

Top non-repeatable levels by time:
     D:1: 1252 daAuts
     D:2: 500 daAuts
